Map: 아크로폴리스 - 래더

Players

HeroMarine

  • Race: Terran Terran
  • League: Master
  • Spawn Location: 5:00

OGZest (Zest) - Winner!

  • Race: Protoss Protoss
  • Spawn Location: 11:00

Event: HomeStory Cup XIX

VOD

Have the link to the VOD?

Description

Time

  • Played on: June 28, 2019, 4:37 p.m.
  • Length: 18:40

All games in this series

Show
View Real Time Build Order
Export as new Build Order

HeroMarine Terran 

Build Orders: Reaper Expand 

Get SALT Encoding   

  12  0:02  SCV  
  13  0:14  SCV  
  14  0:17  Supply Depot  
  14  0:26  SCV  
  15  0:38  SCV  
  15  0:42  Barracks  
  16  0:43  Refinery  
  16  0:50  SCV  
  17  1:03  SCV  
  18  1:15  SCV  
  19  1:30  Orbital Command, Reaper  
  20  1:40  Command Center  
  20  1:50  Supply Depot  
  20  1:56  SCV  
  21  2:03  Barracks Reactor  
  21  2:06  Refinery  
  21  2:08  SCV  
  22  2:20  SCV, Factory  
  23  2:32  SCV  
  24  2:40  Marine x2  
  26  2:44  SCV  
  27  2:53  Orbital Command  
  27  2:56  SCV  
  27  2:58  Marine x2  
  29  3:05  Factory Tech Lab, Starport  
  32  3:08  SCV  
  31  3:15  Marine  
  31  3:16  Marine  
  31  3:19  SCV  
  34  3:20  SCV  
  34  3:25  Supply Depot  
  35  3:31  Factory Tech Lab, SCV  
  35  3:33  Marine, SCV  
  35  3:34  Marine  
  39  3:43  Barracks, SCV  
  39  3:45  SCV  
  41  3:51  Raven, Marine x2  
  41  3:54  Siege Tank  
  47  3:55  SCV  
  47  3:57  SCV, Supply Depot  
  49  4:07  SCV  
  49  4:09  Marine x2, SCV  
  53  4:16  Command Center  
  53  4:20  SCV  
  53  4:21  SCV  
  55  4:24  Supply Depot  
  55  4:27  Marine x2  
  55  4:29  Siege Tank  
  60  4:33  SCV x2  
  60  4:37  Refinery  
  62  4:39  Stimpack  
  62  4:42  Barracks  
  62  4:45  SCV  
  62  4:47  Starport Reactor, SCV  
  62  4:49  Marine x2  
  62  4:52  Supply Depot  
  66  4:58  SCV  
  66  4:59  SCV  
  68  5:02  Engineering Bay x2  
  68  5:04  Marine  
  69  5:09  Marine  
  69  5:14  Marine, SCV x2  
  73  5:15  Siege Tank  
  73  5:18  Supply Depot  
  76  5:26  SCV  
  76  5:27  Marine, SCV  
  80  5:29  Orbital Command  
  80  5:33  Terran Infantry Weapons Level 1, Terran Infantry Armor Level 1  
  79  5:36  Refinery, Starport Reactor  
  79  5:38  Marine x2  
  79  5:39  Marine  
  79  5:40  Marine  
  83  5:49  Marine  
  84  5:51  Barracks  
  84  5:52  Barracks  
  84  5:53  Siege Tank  
  84  5:54  SCV x2  
  89  6:04  Marine x3  
  89  6:05  Marine  
  89  6:06  Marine, SCV  
  89  6:07  SCV  
  89  6:09  Supply Depot  
  96  6:15  Orbital Command  
  96  6:18  SCV  
  96  6:19  SCV  
  96  6:22  Marine x2, Supply Depot  
  96  6:24  Missile Turret  
  100  6:28  Medivac x2  
  100  6:30  SCV  
  100  6:31  Marine, SCV  
  100  6:32  Marine x2, Supply Depot  
  109  6:38  Supply Depot  
  109  6:40  Marine, Barracks Reactor  
  109  6:41  Barracks Reactor  
  109  6:43  Armory  
  109  6:44  SCV  
  109  6:45  SCV  
  109  6:46  SCV  
  112  6:49  Combat Shield  
  112  6:55  Siege Tank  
  112  6:57  Missile Turret  
  112  6:58  SCV x3  
  118  7:02  Marine  
  118  7:03  Marine, Refinery  
  118  7:04  Refinery  
  118  7:05  Marine  
  118  7:06  Marine  
  118  7:07  Marine  
  123  7:10  SCV x3  
  126  7:22  SCV  
  127  7:23  SCV x2, Supply Depot  
  127  7:24  Supply Depot  
  127  7:26  Marine x3  
  127  7:29  Marine  
  132  7:30  Terran Infantry Weapons Level 2, Marine x2  
  132  7:31  Terran Infantry Armor Level 2  
  132  7:34  Terran Vehicle Weapons Level 1  
  132  7:36  Marine x2  
  135  7:37  Marine  
  135  7:40  Siege Tank  
  135  7:43  Marine  
  141  7:44  Marine x2  
  141  7:49  Marine  
  144  7:55  Marine, Bunker  
  144  7:56  Marine x3  
  149  7:58  Missile Turret  
  149  7:59  Supply Depot  
  149  8:00  Factory, Supply Depot  
  149  8:02  Marine  
  149  8:05  Supply Depot  
  149  8:07  Medivac x2  
  149  8:09  Marine x2  
  149  8:10  Marine  
  149  8:11  Marine  
  157  8:21  Marine x4  
  157  8:22  Siege Tank  
  164  8:27  Marine  
  164  8:28  Marine x3  
  164  8:29  Marine, Supply Depot  
  164  8:30  Supply Depot  
  169  8:37  Medivac x2  
  169  8:39  Marine x4  
  166  8:45  Marine x2  
  166  8:46  Marine x2  
  166  8:47  Marine  
  166  8:48  Factory Tech Lab  
  127  8:56  Marine x4  
  127  9:00  Siege Tank  
  119  9:03  Marine x3  
  119  9:04  Marine  
  119  9:05  Marine  
  119  9:07  Siege Tank, Medivac x2  
  131  9:14  Barracks, Marine x4  
  131  9:15  Barracks  
  133  9:21  Marine x3  
  133  9:22  Marine x2  
  96  9:32  Marine x4  
  96  9:33  Orbital Command  
  96  9:37  Medivac x2  
  96  9:38  Siege Tank  
  107  9:39  Marine  
  107  9:44  Marine  
  107  9:45  Marine x3  
  94  9:50  Marine x4  
  90  9:56  Marine  
  83  10:02  Marine  
  83  10:03  Siege Tank, Marine  
  88  10:07  Marine x2, Medivac  
  88  10:10  Marine x2  
  88  10:11  Marine  
  88  10:13  Marine  
  96  10:16  Marine  
  96  10:17  Siege Tank, Medivac  
  96  10:20  Marine  
  96  10:21  Marine  
  101  10:24  Marine  
  101  10:25  Marine  
  101  10:28  Marine x2  
  103  10:33  Marine x3  
  103  10:35  Siege Tank  
  111  10:38  Marine x2  
  111  10:39  Medivac  
  111  10:42  Marine x2  
  115  10:46  Marine x2  
  115  10:47  Medivac  
  121  10:51  Marine x3  
  121  10:55  Marine  
  121  10:56  Marine  
  126  11:00  Marine x2  
  126  11:04  Marine x2  
  126  11:06  Siege Tank  
  126  11:08  Marine x2  
  126  11:09  Marine  
  134  11:11  SCV  
  134  11:12  SCV  
  134  11:13  Marine  
  134  11:14  Marine  
  134  11:18  Marine x2  
  138  11:22  Marine x2  
  138  11:23  Siege Tank, SCV  
  138  11:24  SCV  
  146  11:26  Marine x2  
  146  11:27  Marine  
  146  11:31  Marine  
  146  11:32  Marine  
  151  11:35  SCV x2  
  151  11:36  Marine x2, SCV  
  151  11:39  Marine x2  
  156  11:44  Marine x2  
  156  11:45  Marine  
  159  11:49  Marine  
  159  11:50  Marine  
  159  11:52  Siege Tank  
  159  11:54  Marine x2  
  139  11:57  Marine x2  
  139  11:58  Siege Tank  
  132  12:02  Marine x3  
  132  12:07  Marine x2  
  134  12:11  Marine  
  134  12:12  Marine  
  134  12:15  Marine x2  
  137  12:20  Marine x3  
  141  12:24  Siege Tank, Marine  
  141  12:25  Marine  
  141  12:29  Marine x2  
  147  12:30  Siege Tank  
  147  12:33  Marine x2  
  153  12:37  Marine  
  153  12:38  Marine  
  155  12:47  Marine x2  
  155  12:49  Marine  
  155  12:51  Marine  
  158  12:55  Marine  
  159  13:04  Marine x2  
  141  13:09  Marine x2  
  134  13:28  Siege Tank  
  134  13:29  Marine  
  134  13:31  Marine  
  100  13:56  SCV x2  
  100  13:57  SCV  
  100  14:04  Marine  
  100  14:09  Marine  
  93  14:20  Marine  
  89  14:25  Marine  
  90  14:33  Marine  
  90  14:34  Marine  
  89  14:43  Marine  
  89  14:44  Marine  
  85  14:50  Marine x2  
  69  14:52  Marine  
  69  14:53  Marine x2  
  69  14:57  Marine  
  69  14:58  Marine  
  65  15:01  Marine x2  
  65  15:08  Marine x2  
  65  15:10  Marine x2  
  65  15:12  Marine  
  67  15:15  Marine x2  
  67  15:19  Marine x2  
  69  15:21  Liberator  
  69  15:24  Liberator  
  69  15:26  Marine x2  
  71  15:28  Marine  
  71  15:32  Marine  
  71  15:34  Marine  
  71  15:35  Marine  
  79  15:37  Marine  
  79  15:42  Marine  
  82  15:46  Marine  
  82  15:47  Marine  
  82  15:49  Marine  
  86  15:52  Marine  
  86  15:53  Marine  
  86  15:55  Marine  
  91  16:04  Liberator  
  91  16:07  Liberator  
  91  16:10  Siege Tank x2  
  95  16:16  Marine  
  94  16:18  Marine  
  94  16:19  Marine  
  94  16:21  Marine  
  94  16:24  Marine  
  94  16:25  Marine  
  105  16:27  Marine  
  105  16:29  Marine  
  105  16:32  Marine  
  108  16:34  Marine  
  109  16:40  Marine  
  109  16:46  Marine  
  109  16:47  Marine, Liberator  
  111  16:52  Marine x2  
  111  16:54  Marine  
  113  17:07  Siege Tank, Marine x2  
  114  17:10  Marine  
  114  17:19  Marine  
  114  17:21  Marine x2  
  115  17:24  Marine x2  
  115  17:26  Marine  
  111  17:46  Marine x2  
  112  17:53  Siege Tank  
  112  17:54  Marine x3  
  112  17:55  Marine x2  
  112  17:57  Marine x2  
  122  18:04  Marine  
  123  18:09  Marine  
  123  18:11  Marine  
  124  18:13  Marine x2  
  124  18:14  Marine  
  124  18:16  Marine  
Show
View Real Time Build Order
Export as new Build Order

OGZest Protoss - Winner!

Build Orders: 1 Gate Expand, Oracle Opening, Blink Stalkers, Chargelot Immortal 

Get SALT Encoding   

  12  0:00  Probe  
  13  0:12  Probe  
  14  0:17  Pylon  
  14  0:24  Probe  
  15  0:32  Probe  
  15  0:36  Gateway  
  15  0:40  Probe  
  16  0:47  Assimilator  
  17  0:51  Probe  
  18  1:03  Probe  
  19  1:15  Probe  
  20  1:23  Cybernetics Core  
  20  1:31  Nexus  
  20  1:35  Probe  
  21  1:42  Pylon  
  21  1:47  Probe  
  21  1:50  Assimilator, Adept  
  22  1:59  Probe  
  25  2:03  Warp Gate  
  25  2:09  Probe  
  26  2:17  Probe  
  26  2:20  Sentry  
  29  2:25  Probe  
  30  2:38  Probe  
  30  2:39  Probe  
  30  2:43  Oracle  
  32  2:44  Twilight Council  
  32  2:46  Stalker  
  32  2:48  Probe  
  32  2:50  Probe  
  35  2:58  Probe  
  36  3:02  Gateway  
  36  3:04  Probe  
  38  3:10  Probe  
  39  3:14  Blink  
  39  3:16  Probe  
  40  3:21  Stalker  
  40  3:22  Probe  
  43  3:28  Probe, Pylon  
  45  3:34  Probe  
  45  3:37  Assimilator  
  45  3:40  Probe  
  46  3:45  Robotics Facility  
  46  3:46  Probe  
  47  3:52  Probe  
  48  4:00  Probe, Nexus  
  49  4:04  Probe  
  49  4:08  Sentry  
  52  4:11  Pylon  
  52  4:13  Probe  
  52  4:14  Forge  
  52  4:16  Probe  
  54  4:18  Pylon  
  54  4:20  Phoenix  
  54  4:25  Observer  
  54  4:26  Probe  
  54  4:29  Probe  
  56  4:34  Probe  
  56  4:36  Stalker x2  
  62  4:38  Protoss Ground Armor Level 1  
  62  4:41  Probe  
  62  4:43  Observer, Probe  
  63  4:45  Pylon  
  65  4:53  Probe  
  65  4:54  Warp Prism  
  65  4:55  Probe  
  67  5:05  Probe, Pylon  
  68  5:07  Probe  
  68  5:11  Nexus  
  68  5:13  Probe  
  68  5:14  Forge  
  69  5:17  Probe  
  69  5:19  Probe  
  69  5:21  Probe  
  72  5:27  Charge  
  73  5:29  Probe x2  
  73  5:31  Probe  
  73  5:35  Gateway  
  76  5:36  Gateway  
  76  5:39  Immortal  
  76  5:40  Probe  
  76  5:41  Probe, Protoss Ground Weapons Level 1  
  82  5:43  Probe  
  82  5:44  Gateway  
  83  5:50  Gateway  
  83  5:52  Probe  
  83  5:53  Probe, Gateway  
  85  5:57  Probe  
  86  6:05  Gateway x2  
  86  6:08  Immortal, Pylon  
  86  6:11  Probe  
  86  6:12  Probe x2, Gateway  
  86  6:14  Observer  
  93  6:19  Protoss Ground Armor Level 2  
  93  6:23  Probe x2, Pylon  
  93  6:24  Probe  
  96  6:33  Nexus  
  96  6:37  Zealot  
  98  6:41  Immortal  
  98  6:43  Zealot x4  
  98  6:46  Pylon  
  106  6:49  Pylon  
  106  6:50  Pylon  
  110  6:56  Gateway  
  110  6:57  Gateway  
  110  7:07  Zealot x6  
  110  7:08  Zealot  
  124  7:13  Gateway  
  124  7:14  Gateway  
  124  7:19  Warp Prism  
  126  7:24  Zealot x3  
  126  7:29  Stalker  
  134  7:30  Stalker  
  134  7:32  Pylon  
  134  7:36  Protoss Ground Weapons Level 2  
  136  7:41  Zealot x5  
  146  7:46  Immortal, Pylon  
  146  7:48  Pylon  
  146  7:57  Stalker x5  
  160  8:05  Pylon  
  160  8:08  Zealot  
  160  8:09  Zealot x4  
  170  8:17  Assimilator  
  170  8:19  Assimilator  
  170  8:21  Zealot x5  
  164  8:47  Zealot x7  
  164  8:48  Zealot x6  
  126  8:59  Zealot, Protoss Ground Armor Level 3  
  110  9:08  Stalker x6  
  110  9:09  Zealot x3  
  122  9:10  Zealot x2  
  122  9:13  Zealot x2  
  104  9:24  Zealot  
  104  9:29  Zealot x3  
  104  9:31  Zealot x6  
  104  9:32  Zealot  
  114  9:43  Warp Prism  
  108  9:49  Zealot x6  
  108  9:50  Zealot  
  102  9:59  Protoss Ground Weapons Level 3  
  86  10:04  Sentry  
  84  10:08  Sentry  
  84  10:10  Probe x2  
  84  10:11  Probe x2  
  84  10:12  Zealot x11  
  112  10:16  Probe  
  113  10:24  Templar Archives  
  113  10:26  Observer  
  114  10:35  Stalker x5  
  114  10:36  Stalker x3  
  114  10:41  Zealot x3  
  136  10:46  Zealot x3  
  140  10:59  Zealot  
  140  11:00  Zealot x4  
  136  11:05  Zealot x6  
  136  11:09  Nexus  
  136  11:25  High Templar x3  
  136  11:26  Zealot, High Templar  
  136  11:27  Zealot x7  
  136  11:29  Archon  
  136  11:30  Archon  
  160  11:43  Zealot x2  
  161  11:48  Psionic Storm  
  161  11:50  Zealot x3  
  161  11:51  Zealot x5  
  145  12:01  High Templar  
  145  12:02  High Templar x3  
  145  12:05  Archon  
  145  12:06  Archon  
  147  12:17  Zealot  
  147  12:20  High Templar  
  147  12:22  Zealot x4  
  155  12:23  Zealot  
  155  12:24  Zealot x2  
  155  12:27  High Templar  
  167  12:30  Observer  
  167  12:31  Probe x4  
  167  12:34  Assimilator  
  167  12:36  Assimilator  
  169  12:54  Zealot x10, High Templar x2  
  169  12:55  Zealot  
  170  13:10  Zealot  
  152  13:16  Zealot x6  
  152  13:17  Zealot x3  
  131  13:41  Zealot x10  
  87  14:01  Zealot x10  
  104  14:24  Stalker x10  
  118  14:48  Zealot x9  
  89  15:08  Observer  
  85  15:19  Templar Archives  
  85  15:21  Nexus  
  85  15:24  Sentry x5  
  85  15:25  Stalker x2  
  99  15:32  Immortal  
  103  15:55  High Templar x2  
  103  15:56  High Templar x3  
  113  16:19  Stalker x5  
  123  16:38  Pylon  
  123  16:46  Observer  
  123  16:50  Stalker x2  
  123  16:51  Stalker x5  
  133  17:09  Stalker x3  
  135  17:33  Zealot x4, Warp Prism  
  135  17:34  Zealot x4  
  135  17:36  Archon  
  151  17:43  Zealot x2  
  155  18:26  Stalker, Archon  
  131  18:27  Stalker x7  
  131  18:33  Zealot x2  
Tags
 
Add a new tag
Caveats
  • Supply blocks, unpowered buildings, or Contaminate may cause inaccurate times.
  • Supply counts are checked every 10 seconds.